 Dungeon Crawl Stone Soup version 0.18.1-50-g88ac8fd (webtiles) character file.

330 Peloso the Shield-Bearer (level 6, -6/53 HPs)
             Began as a Minotaur Fighter on Sept 24, 2016.
             Mangled by a steam dragon (7 damage)
             ... on level 4 of the Dungeon.
             The game lasted 00:05:47 (2263 turns).

Peloso the Shield-Bearer (Minotaur Fighter)         Turns: 2263, Time: 00:05:47

Health: -6/53      AC: 11    Str: 23    XL:     6   Next: 26%
Magic:  5/5        EV:  7    Int:  5    God:
Gold:   107        SH: 10    Dex: 11    Spells: 0 memorised, 5 levels left

rFire  . . .     SeeInvis .     a - +0 long sword
rCold  . . .     Gourm    .     x - +0 chain mail
rNeg   . . .     Faith    .     c - +0 shield
rPois  .         Spirit   .     (helmet restricted)
rElec  .         Dismiss  .     (no cloak)
rCorr  .         Reflect  .     w - +0 pair of gloves
SustAt .         Harm     .     (no boots)
MR     .....                    (no amulet)
Stlth  ..........               (no ring)
                                B - -3 ring of strength (curse)

@: mighty, not resistant to hostile enchantments, extremely unstealthy
A: retaliatory headbutt, horns 2
a: no special abilities


You were on level 4 of the Dungeon.
You were not hungry.

You visited 1 branch of the dungeon, and saw 4 of its levels.

You collected 107 gold pieces.

Inventory:

Hand Weapons
 a - a +0 long sword (weapon)
Armour
 c - a +0 shield (worn)
 w - a +0 pair of gloves (worn)
 x - a +0 chain mail (worn)
Jewellery
 B - a cursed -3 ring of strength (left hand)
Wands
 y - a wand of flame (33/48)
Scrolls
 e - a scroll of enchant armour {unknown}
 g - 4 scrolls of remove curse {unknown}
 h - a scroll of immolation {unknown}
 i - 5 scrolls of identify {unknown}
 j - 2 scrolls of recharging {unknown}
 n - a scroll of enchant weapon {unknown}
 q - 2 scrolls of amnesia {unknown}
 r - a scroll of fog {unknown}
 u - 2 scrolls of teleportation {unknown}
 z - 2 scrolls of blinking {unknown}
Potions
 k - a potion of lignification {unknown}
 o - a potion of flight {unknown}
 p - a potion of degeneration {unknown}
 s - a potion of cancellation {unknown}
 t - a potion of heal wounds {unknown}
Books
 A - a book of Maledictions

   Spells                             Type                      Level
   a - Corona                         Hexes                        1
   b - Ensorcelled Hibernation        Hexes/Ice                    2
   c - Confuse                        Hexes                        3
   d - Tukima's Dance                 Hexes                        3
   e - Dazzling Spray                 Conjuration/Hexes            3
Comestibles
 b - 3 chunks of flesh
 f - 2 bread rations
 m - a fruit
 v - 2 meat rations
 C - a beef jerky


   Skills:
 + Level 4.7 Fighting
 + Level 4.2 Long Blades
 + Level 4.9 Armour
 + Level 2.1 Dodging
 + Level 5.6 Shields


You had 5 spell levels left.
You didn't know any spells.

Dungeon Overview and Level Annotations

Branches:
Dungeon (4/15)
 Temple: D:4-7

Altars:
Dithmenos
Nemelex Xobeh
Xom


Innate Abilities, Weirdness & Mutations

You reflexively headbutt those who attack you in melee.
You have a pair of horns on your head.


Message History

You furiously retaliate!
You headbutt the orc warrior. You slash the orc warrior!
You kill the orc warrior!
Your Long Blades skill increases to level 4!
Your Dodging skill increases to level 2!
You have reached level 6!
Your experience leads to an increase in your attributes!
Your base attributes are Str 21, Int 5, Dex 10.
Increase (S)trength, (I)ntelligence, or (D)exterity?
You feel agile. You block the steam dragon's attack.
The steam dragon claws you.
* * * LOW HITPOINT WARNING * * *
The steam dragon completely misses you. The steam dragon claws you.
* * * LOW HITPOINT WARNING * * *
You slash the steam dragon! You headbutt the steam dragon.
The steam dragon is heavily wounded.
You are engulfed in a cloud of scalding steam.
* * * LOW HITPOINT WARNING * * *
You block the orc's attack. The steam dragon bites you!
You die...

#...####.#.#
##......#####
#....#...#####...........
#..o.........###..###.
#..###.#..##.....#....#
#.##....#.##.###.......
#. #....#..#.###.<..... #
#....##.......#####.
#####.......### ##
#.D@o.###...# #
......##### #...# ..###
#...# #...# #...# #...#
#####


You could see a steam dragon and an orc.

Vanquished Creatures
  An orc warrior (D:4)
  A scorpion (D:4)
  A hound (D:3)
  An orc wizard (D:4)
  5 adders
  2 worms (D:2)
  2 dart slugs (D:1)
  3 giant geckos
  8 orcs
  6 giant cockroaches
  9 goblins
  5 hobgoblins
  2 jackals (D:1)
  2 quokkas (D:3)
  A ball python (D:1)
  4 bats
  6 giant newts
  8 kobolds
  7 rats
  4 bushes (D:2)
  A plant (D:2)
79 creatures vanquished.

Notes
Turn   | Place    | Note
--------------------------------------------------------------
     0 | D:1      | Peloso the Minotaur Fighter began the quest for the Orb.
     0 | D:1      | Reached XP level 1. HP: 19/19 MP: 0/0
    73 | D:1      | Reached skill level 4 in Shields
   112 | D:1      | Reached XP level 2. HP: 27/27 MP: 1/1
   422 | D:2      | Reached XP level 3. HP: 31/33 MP: 2/2
  1248 | D:2      | Reached XP level 4. HP: 40/40 MP: 3/3
  1624 | D:3      | Reached skill level 1 in Dodging
  1718 | D:3      | Reached XP level 5. HP: 37/47 MP: 4/4
  1999 | D:4      | Found a sparkling altar of Nemelex Xobeh.
  2078 | D:4      | Reached skill level 5 in Shields
  2079 | D:4      | Found a shimmering altar of Xom.
  2079 | D:4      | Found a shadowy altar of Dithmenos.
  2237 | D:4      | Noticed an orc warrior
  2257 | D:4      | Noticed a steam dragon
  2262 | D:4      | Killed an orc warrior
  2262 | D:4      | Reached XP level 6. HP: 6/53 MP: 5/5
  2262 | D:4      | HP: 2/53 [steam dragon (2)]
  2263 | D:4      | Mangled by a steam dragon

Skill      XL: |  1  2  3  4  5 |
---------------+----------------+-----
Shields        | 4 5 |  5.6
Fighting       | 4 |  4.7
Armour         | 4 |  4.9
Long Blades    | 3 4 |  4.2
Dodging        | 1 2 |  2.1

Action                   |  1- 3 |  4- 6 || total
-------------------------+-------+-------++-------
Melee: Long sword        |   111 |   229 ||   340
       Headbutt          |    17 |    77 ||    94
  Use: Potion            |       |     3 ||     3
  Eat: Chunk             |     1 |     3 ||     4
       Fruit             |       |     1 ||     1
Armor: Scale mail        |    46 |    19 ||    65
       Chain mail        |       |    25 ||    25
Dodge: Dodged            |    21 |    34 ||    55
Block: Shield            |    42 |    60 ||   102
